 Dungeon Crawl Stone Soup version 0.29-a0-557-g43b9904bd1 (webtiles) character file.

Game seed: 4576047408827894284

4598 kae the Arsonist (level 9, -11/71 HPs)
             Began as a Demigod Fire Elementalist on June 8, 2022.
             Mangled by a two-headed ogre
             ... wielding a +0 giant club
              (13 damage)
             ... on level 9 of the Dungeon.
             The game lasted 00:11:21 (11232 turns).

kae the Arsonist (Demigod Fire Elementalist)       Turns: 11232, Time: 00:11:21

Health: -11/71     AC:  6    Str:  9    XL:     9   Next: 99%
Magic:  14/20      EV: 13    Int: 29    God:
Gold:   512        SH:  5    Dex: 14    Spells: 5/18 levels left

rFire   + + .      SeeInvis .   i - staff of fire
rCold   x . .      Faith    .   (no shield)
rNeg    . . .      Spirit   .   a - +1 robe
rPois   .          Reflect  +   (no helmet)
rElec   .          Harm     .   (no cloak)
rCorr   .          Rampage  .   n - +2 pair of gloves
Will    +....                   (no boots)
Stlth   ++........              t - amulet of reflection
HPRegen 0.21/turn               v - ring of willpower
MPRegen 0.17/turn               y - ring of fire

@: no status effects
A: high MP 1, forlorn, divine attributes
a: no special abilities


You were on level 9 of the Dungeon.
You visited 1 branch of the dungeon, and saw 9 of its levels.

You collected 548 gold pieces.
You spent 36 gold pieces at shops.

Inventory:

Hand Weapons
 f - a +1 flail
 r - a +0 trident of venom
Missiles
 k - 2 throwing nets
Armour
 a - a +1 robe (worn)
 n - a +2 pair of gloves (worn)
Magical Staves
 i - a staff of fire (weapon)
Jewellery
 t - an amulet of reflection (around neck)
 v - a ring of willpower (left hand)
 y - a ring of fire (right hand)
Wands
 d - a wand of acid (13)
 l - a wand of paralysis (5)
 p - a wand of charming (2)
 s - a wand of polymorph (5)
Scrolls
 h - a scroll of vulnerability
 o - 2 scrolls of enchant armour
 w - a scroll of amnesia
 B - a scroll of teleportation
Potions
 b - 3 potions of magic
 c - 4 potions of ambrosia
 e - 3 potions of curing
 g - a potion of lignification
 j - 2 potions of resistance
 m - a potion of mutation
 q - a potion of might
 u - 4 potions of attraction
 x - a potion of berserk rage {unknown}
 z - a potion of invisibility {unknown}


   Skills:
 + Level 3.6 Fighting
 + Level 4.2 Dodging
 - Level 1.7 Stealth
 + Level 5.0 Spellcasting
 * Level 7.5 Conjurations
 * Level 8.1 Fire Magic
 + Level 3.6 Evocations


You had 5 spell levels left.
You knew the following spells:

 Your Spells              Type           Power      Damage    Failure   Level
a - Foxfire               Conj/Fire      100%       2x1d9     1%          1
b - Scorch                Fire           100%       2d10      1%          2
c - Conjure Flame         Conj/Fire      87%        6-21      1%          3
d - Inner Flame           Hex/Fire       62%        N/A       3%          3
e - Flame Wave            Conj/Fire      87%        2d15      2%          4

Your spell library contained the following spells:

 Spells                   Type           Power      Damage    Failure   Level
 Blink                    Tloc           14%        N/A       10%         2
 Hailstorm                Conj/Ice       29%        3d8       13%         4
 Gell's Gravitas          Tloc           7%         N/A       19%         3
 Lesser Beckoning         Tloc           7%         N/A       19%         3
 Teleport Other           Tloc           7%         N/A       19%         3
 Lightning Bolt           Conj/Air       14%        1d28      36%         5
 Manifold Assault         Tloc           7%         N/A       86%         5
 Conjure Ball Lightning   Conj/Air       14%        3x3d6     90%         6
 Dispersal                Tloc           3%         N/A       100%        6


Dungeon Overview and Level Annotations

Branches:
Dungeon (9/15)             Temple (0/1) D:6             Orc (0/2) D:9
   Lair: D:8-11

Shops:
D:4 *   D:8 :

Annotations:
D:4 exclusion: crimson imp, Eustachio
D:6 3 runed translucent doors, Tonnatak's ghost, novice DsMo
D:8 4 transporters


Innate Abilities, Weirdness & Mutations

You have an increased reservoir of magic. (+10% MP)
You shall have no god before yourself.
Your divine heritage dramatically boosts your attributes as you level up.


Message History

Casting: Foxfire (safe; 1% risk of failure)
Confirm with . or Enter, or press ? or * to list all spells.
You feel a strong surge of power!
Flames lash the kobold brigand.
You kill the kobold brigand!
You hear two shouts!
The kobold throws a stone.
The stone hits you but does no damage.
A kobold comes into view.
It is wielding a +0 vampiric short sword.
Casting: Scorch (safe; 1% risk of failure)
Confirm with . or Enter, or press ? or * to list all spells.
You feel a strong surge of power!
You conjure some foxfire!
The foxfire hits the two-headed ogre.
The two-headed ogre is lightly wounded.
The foxfire hits the two-headed ogre.
The two-headed ogre is lightly wounded.
Casting: Foxfire (safe; 1% risk of failure)
Confirm with . or Enter, or press ? or * to list all spells.
You feel a strong surge of power!
You conjure some foxfire!
The foxfire hits the kobold!
You kill the kobold!
The two-headed ogre hits you with a +0 giant club!! x2
* * * LOW HITPOINT WARNING * * *
The foxfire hits the kobold.
You kill the kobold!
The kobold throws a stone.
The stone barely misses you.
The kobold unwields a +0 vampiric short sword.
The kobold wields a +0 hand crossbow.
The kobold shoots a bolt.
The bolt barely misses you.
The bolt hits the two-headed ogre.
Okay, then.
Okay, then.
Okay, then.
Okay, then.
Okay, then.
Unknown command.
Unknown command.
Okay, then.
You feel better.
The two-headed ogre hits you with a +0 giant club!
* * * LOW HITPOINT WARNING * * *
The two-headed ogre hits you with a +0 giant club!
You die...

#.......# #.#.....# #.......#
#.####### #.......+ #........
#.....).# #........ #.......#
#........ #.......# # #........
###.......#########.# #..(.<...
............K.......#####.......#
.............)))@O..............#
..............K.###.............#
................# [............#
#####...........# .............#
#...........# ..............
####........# #########..8..
#........# ##.... #...######
##### #####


You could see a two-headed ogre and 2 kobolds.

Vanquished Creatures
  A two-headed ogre (D:9)
  A troll (D:9)
  Grinder (D:4)
  4 yaks (D:9)
  A wyvern (D:7)
  A steam dragon (D:9)
  Edmund (D:5)
  4 orc warriors
  A sky beast (D:6)
  2 ice beasts
  A black bear (D:6)
  An ogre (D:5)
  3 centaurs
  2 kobold brigands
  2 bullfrogs
  2 scorpions (D:6)
  6 killer bees
  4 hounds
  A jelly (D:6)
  A gnoll shaman (D:6)
  3 orc priests
  3 iguanas
  4 orc wizards
  Ijyb (D:4)
  2 river rats (D:4)
  10 adders
  20 gnolls
  3 shadow imps
  A white imp (D:7)
  2 ufetubi (D:5)
  4 worms
  A dart slug (D:3)
  40 orcs
  4 endoplasms
  4 giant cockroaches
  6 goblins
  9 hobgoblins
  4 jackals
  7 quokkas
  10 ball pythons
  7 bats
  A frilled lizard (D:2)
  10 kobolds
  5 rats
201 creatures vanquished.

Vanquished Creatures (collateral kills)
  An orc (D:9)
  A foxfire (D:6)
2 creatures vanquished.

Vanquished Creatures (others)
  A wyvern (D:9)
  609 foxfires
610 creatures vanquished.

Grand Total: 813 creatures vanquished

Notes
Turn   | Place    | Note
-------+----------+-------------------------------------------
     0 | D:1      | kae the Demigod Fire Elementalist began the quest for the
                  | Orb.
     0 | D:1      | Reached XP level 1. HP: 14/14 MP: 5/5
   180 | D:1      | Reached skill level 1 in Conjurations
   333 | D:1      | Reached skill level 3 in Fire Magic
   333 | D:1      | Reached XP level 2. HP: 20/20 MP: 2/7
  1414 | D:2      | Reached XP level 3. HP: 22/26 MP: 3/8
  1421 | D:2      | Learned a level 2 spell: Scorch
  1425 | D:2      | Learned a level 3 spell: Conjure Flame
  1916 | D:2      | Reached XP level 4. HP: 33/33 MP: 5/10
  2643 | D:3      | Reached skill level 4 in Fire Magic
  2915 | D:2      | Reached XP level 5. HP: 29/38 MP: 7/11
  3168 | D:3      | Learned a level 3 spell: Inner Flame
  4086 | D:4      | Noticed Eustachio
  4152 | D:4      | Noticed Ijyb
  4156 | D:4      | Paralysed by Ijyb for 4 turns
  4165 | D:4      | Killed Ijyb
  4450 | D:4      | Noticed Grinder
  4456 | D:4      | Paralysed by Grinder for 4 turns
  4462 | D:4      | Killed Grinder
  4463 | D:4      | Reached skill level 5 in Fire Magic
  4463 | D:4      | Reached XP level 6. HP: 12/45 MP: 6/13
  4543 | D:4      | Found Odadow Tina's General Store.
  4546 | D:4      | Bought a potion of curing for 36 gold pieces
  5270 | D:5      | Entered Level 5 of the Dungeon
  5416 | D:5      | Noticed Edmund
  5453 | D:5      | Killed Edmund
  5454 | D:5      | Reached XP level 7. HP: 50/50 MP: 0/15
  5664 | D:5      | Learned a level 4 spell: Flame Wave
  5694 | D:5      | Got the Grimoire of the Snowflakes and Weightlessness
  5882 | D:5      | Reached skill level 5 in Conjurations
  6152 | D:5      | Reached skill level 6 in Fire Magic
  6320 | D:5      | Reached skill level 1 in Fighting
  6320 | D:5      | Reached skill level 1 in Evocations
  6877 | D:6      | Reached XP level 8. HP: 59/59 MP: 13/17
  7183 | D:6      | Found a runed translucent gate.
  7185 | D:6      | Found a runed translucent gate.
  7185 | D:6      | Noticed Tonnatak's ghost (novice DsMo)
  7186 | D:6      | Found a runed translucent gate.
  7323 | D:6      | Found a staircase to the Ecumenical Temple.
  8837 | D:7      | Identified the +2 leather armour of Gluttony {-Tele Harm
                  | rPois rN+++}
  9086 | D:7      | Reached skill level 7 in Fire Magic
  9333 | D:8      | Found a transporter.
  9335 | D:8      | Found a transporter.
  9347 | D:8      | Found a transporter.
  9355 | D:8      | Found a transporter.
  9410 | D:8      | Found Aluos's Book Boutique.
  9693 | D:8      | Reached XP level 9. HP: 68/68 MP: 13/19
 10063 | D:8      | Found a transporter.
 10068 | D:8      | Found a transporter.
 10339 | D:9      | Found a staircase to the Orcish Mines.
 10753 | D:9      | Noticed a two-headed ogre
 10762 | D:9      | Killed a two-headed ogre
 10965 | D:9      | Noticed a two-headed ogre
 11050 | D:9      | Reached skill level 5 in Spellcasting
 11050 | D:9      | Reached skill level 8 in Fire Magic
 11232 | D:9      | HP: 2/71 [two-headed ogre/+0 giant club (14)]
 11232 | D:9      | Mangled by a two-headed ogre

Illustrated notes

Levels and vault maps discovered:
D:1:      dpeg_arrival_circle_labyrinth_c, layout_basic,
          hellmonk_ecumenical_altar_pennies_from_heaven, minmay_pentomino_z2
D:2:      layout_loops_ring
D:3:      layout_rooms, minmay_misc_feat_room
D:4:      layout_gridville, grunt_temple_overflow_champion_of_chaos,
          serial_shops, nicolae_shop_behind_doors, portal_sewer_entry_e,
          nrook_uturn, uniq_ijyb, uniq_eustachio, uniq_grinder
D:5:      layout_basic, grunt_temple_overflow_open, minmay_misc_feat_tower,
          uniq_edmund
D:6:      layout_loops_ring, mainiacjoe_overflow_chevrons,
          minmay_temple_entry_waves, gammafunk_ghost_nasty_kobolds,
          kennysheep_crisscross
D:7:      layout_basic
D:8:      layout_cave_pods, serial_shops, shop, serial_nicolae_subway,
          nicolae_sub_station_crystal, nicolae_sub_station_metal,
          nicolae_sub_station_stone
D:9:      layout_irregular_city, david_orc_5, serial_column_ruins,
          column_ruins_hut_ruined, column_ruins_columns_straight,
          column_ruins_grid_1, column_ruins_grid_1,
          column_ruins_columns_straight, column_ruins_grid_3,
          column_ruins_columns_dead_end

Skill      XL: |  1  2  3  4  5  6  7  8  9 |
---------------+----------------------------+-----
Conjurations   | 1 2 4 5 6 7 |  7.5
Spellcasting   | 2 3 4 5 |  5.0
Fire Magic     | 3 4 5 6 7 8 |  8.1
Dodging        | 2 3 4 |  4.2
Fighting       | 1 2 3 |  3.6
Evocations     | 1 2 3 |  3.6
Stealth        | |  1.7

Action                   |  1- 3 |  4- 6 |  7- 9 || total
-------------------------+-------+-------+-------++-------
Melee: Unarmed           |       |     1 |       ||     1
       Staff             |       |       |    12 ||    12
 Cast: Foxfire           |    70 |   110 |   173 ||   353
       Scorch            |     4 |    25 |    29 ||    58
       Conjure Flame     |       |     1 |     3 ||     4
       Flame Wave        |       |       |     8 ||     8
Evoke: Wand              |       |     4 |     2 ||     6
  Use: Scroll            |     3 |     7 |     9 ||    19
       Potion            |       |     1 |     2 ||     3
Armor: Robe              |     3 |    10 |    23 ||    36
Dodge: Dodged            |    12 |    36 |    89 ||   137
Block: Other             |       |       |    30 ||    30
       Reflection        |       |       |     3 ||     3

Table legend: (Time is in decaauts)
 A = Elapsed time spent in this place.
 B = Non-inter-level travel time spent in this place.
 C = Inter-level travel time spent in this place.
 D = Time resting spent in this place.
 E = Time spent auto-exploring this place.
 F = Levels seen in this place.
 G = Mean time per level.
                   A        B        C        D        E       F      G
               +--------+--------+--------+--------+--------+-----+--------+
         Total |  11236 |  10931 |    305 |   1054 |   8336 |   9 | 1248.4 |
       Dungeon |  11236 |  10931 |    305 |   1054 |   8336 |   9 | 1248.4 |
               +--------+--------+--------+--------+--------+-----+--------+

Top non-repeatable levels by time:
     D:5: 1584 daAuts
     D:6: 1575 daAuts
     D:2: 1399 daAuts
     D:3: 1330 daAuts
     D:1: 1326 daAuts
     D:4: 1218 daAuts
     D:8: 1089 daAuts
     D:9: 879 daAuts
     D:7: 833 daAuts
